 Dungeon Crawl Stone Soup version 0.23-a0-641-g0a7f1ce553 (webtiles) character file.

978 HereIgoKillingAgain the Covert (level 7, -10/33 HPs)
             Began as a Spriggan Assassin on Dec 30, 2018.
             Killed by divine providence
             ... invoked by an orc priest
              (15 damage)
             ... on level 4 of the Dungeon.
             The game lasted 00:07:33 (4603 turns).

HereIgoKillingAgain the Covert (Spriggan Assassin)  Turns: 4603, Time: 00:07:33

Health: -10/33     AC:  4    Str:  7    XL:     7   Next: 95%
Magic:  8/8        EV: 22    Int: 14    God:
Gold:   230        SH:  0    Dex: 18    Spells: 6/6 levels left

rFire    . . .     SeeInvis +   i - +3 hand axe (elec)
rCold    . . .     Gourm    .   (shield restricted)
rNeg     . . .     Faith    .   c - +0 robe
rPois    +         Spirit   .   (helmet restricted)
rElec    .         Reflect  .   d - +1 cloak
rCorr    .         Harm     .   (gloves unavailable)
MR       +....                  (boots unavailable)
Stlth    ++........             (no amulet)
HPRegen  0.11/turn              h - ring of poison resistance
MPRegen  0.11/turn              (no ring)

@: confused, very quick
A: very small, unfitting armour, see invisible, herbivore, speed 3, slow
metabolism 2
a: no special abilities


You were on level 4 of the Dungeon.
You were very hungry.

You visited 1 branch of the dungeon, and saw 5 of its levels.

You collected 230 gold pieces.

Inventory:

Hand Weapons
 a - a +2 dagger
 b - a +0 blowgun
 i - a +3 hand axe of electrocution (weapon)
Missiles
 e - 5 poisoned needles
 r - a curare-tipped needle
Armour
 c - a +0 robe (worn)
 d - a +1 cloak (worn)
Jewellery
 h - a ring of poison resistance (left hand)
 t - an uncursed ring of wizardry
Wands
 f - a wand of flame (28)
 s - a wand of digging (4)
Scrolls
 m - a scroll of amnesia
 n - a scroll of teleportation
 p - a scroll of blinking {unknown}
 q - a scroll of enchant weapon {unknown}
Comestibles
 g - 8 rations


   Skills:
 - Level 1.5 Fighting
 - Level 2.1 Short Blades
 + Level 4.7 Throwing
 + Level 6.6 Dodging
 * Level 11.5 Stealth


You had 6 spell levels left.
You didn't know any spells.
Your spell library was empty.

Dungeon Overview and Level Annotations

Branches:
Dungeon (5/15)
 Temple: D:4-7

Altars:
Cheibriados

Annotations:
D:4 Duvessa


Innate Abilities, Weirdness & Mutations

You are very small and have problems with some larger weapons.
You are too small for most types of armour.
You have supernaturally acute eyesight. (SInv)
You are a herbivore.
You cover ground extremely quickly.
You need to consume almost no food.


Message History

You closely miss Dowan. Duvessa hits you but does no damage.
Dowan hits you with a +0 dagger.
* * * LOW HITPOINT WARNING * * *
The orc wizard completely misses you. Duvessa hits you with a +0 short sword.
* * * LOW HITPOINT WARNING * * *
The orc priest completely misses you. Dowan hits you but does no damage.
You aren't carrying any potions.
You aren't carrying any potions.
Unknown command.
You closely miss the orc wizard.
The orc wizard is heavily wounded.
You hit Duvessa but do no damage. Lightning courses through Duvessa!
You hit Dowan.
You kill Dowan!
Duvessa screams in rage.
Duvessa goes berserk!
You barely miss the orc priest. Duvessa hits you but does no damage.
The orc wizard completely misses you.
The orc priest invokes the aid of Beogh against you.
Beogh smites you!
You die...

.... .?... #######
..... .....$. .....
.......
...###....... #
#.))o...... ..
#.e@o....... ..###
#............
......###...........
...##....###........
..?....#.# ####..(#
###.....#### #.#.#
##..#....## #.#.#
##.#.....###...#
#.####.....#..## #


You could see Duvessa (berserk), an orc priest and an orc wizard.

Vanquished Creatures
  An orc warrior (D:5)
  An ogre (D:4)
  A phantom (D:4)
  A centaur (D:5)
  Dowan (D:4)
  A crimson imp (D:5)
  A quasit (D:5)
  A centaur skeleton (D:4)
  A bullfrog skeleton (D:5)
  2 orc priests (D:5)
  3 worker ants
  An iguana (D:5)
  6 orc wizards
  A hound zombie (D:3)
  5 adders
  An adder zombie (D:3)
  An adder skeleton (D:3)
  A worm (D:2)
  2 dart slugs
  2 leopard geckos
  9 orcs
  A ball python (D:4)
  5 giant cockroaches
  2 goblins
  6 hobgoblins
  4 jackals (D:4)
  6 kobolds
  A quokka (D:5)
  4 bats
  A giant cockroach zombie (D:3)
  A jackal skeleton (D:3)
  2 leopard gecko skeletons
  6 rats
82 creatures vanquished.

Notes
Turn   | Place    | Note
-------+----------+-------------------------------------------
     0 | D:1      | HereIgoKillingAgain the Spriggan Assassin began the quest
                  | for the Orb.
     0 | D:1      | Reached XP level 1. HP: 10/10 MP: 2/2
    76 | D:1      | Reached skill level 6 in Stealth
   273 | D:1      | Reached XP level 2. HP: 14/14 MP: 3/3
  1195 | D:2      | Found a faded altar of an unknown god.
  1273 | D:2      | Reached skill level 7 in Stealth
  1273 | D:2      | Reached XP level 3. HP: 18/18 MP: 4/4
  1574 | D:3      | Noticed an ice beast
  1634 | D:3      | Reached XP level 4. HP: 22/22 MP: 5/5
  1638 | D:3      | Reached skill level 8 in Stealth
  2105 | D:3      | Reached XP level 5. HP: 23/25 MP: 6/6
  2769 | D:4      | Noticed a phantom
  2776 | D:5      | Entered Level 5 of the Dungeon
  2895 | D:5      | Reached skill level 9 in Stealth
  2913 | D:5      | Reached XP level 6. HP: 5/30 MP: 7/7
  3626 | D:5      | Noticed an orc warrior
  3642 | D:5      | Reached skill level 5 in Dodging
  3760 | D:5      | Killed an orc warrior
  3760 | D:5      | Reached skill level 10 in Stealth
  3760 | D:5      | Reached XP level 7. HP: 33/33 MP: 8/8
  3994 | D:5      | Found a snail-covered altar of Cheibriados.
  4434 | D:4      | Reached skill level 11 in Stealth
  4589 | D:4      | Noticed Dowan
  4591 | D:4      | Noticed Duvessa
  4603 | D:4      | Killed Dowan
  4603 | D:4      | Killed from afar by an orc priest

Vault maps used:
D:1:      minmay_arrival_cross, serial_forest, infiniplex_forest_lined_room_2,
          infiniplex_forest_lined_room_3, infiniplex_forest_zigzag_2,
          infiniplex_forest_lined_2, infiniplex_forest_lined_ring,
          infiniplex_forest_straight_2, infiniplex_forest_lined_ring,
          infiniplex_forest_zigzag_2, infiniplex_forest_end_1
D:2:      chequers_ecumenical_altar_simple_redux
D:3:      serial_undead, serial_undead_a, serial_undead_c, serial_undead_d,
          serial_undead_f, serial_undead_f, serial_undead_d, serial_undead_f,
          solitary_fountain
D:4:      gammafunk_ghost_arena, first_ration, uniq_duvessa
D:5:      cheibriados_altar_1

Skill      XL: |  1  2  3  4  5  6  7 |
---------------+----------------------+-----
Stealth        | 6 7 8 9 10 11 | 11.5
Dodging        | 2 3 4 5 6 |  6.6
Throwing       | 3 4 |  4.7
Fighting       | |  1.5
Short Blades   | |  2.1

Action                   |  1- 3 |  4- 6 |  7- 9 || total
-------------------------+-------+-------+-------++-------
Melee: Dagger            |    85 |    98 |     1 ||   184
       Hand axe          |       |    27 |    61 ||    88
 Fire: Blowgun           |    20 |    29 |     1 ||    50
  Use: Potion            |       |     5 |       ||     5
       Scroll            |       |       |     5 ||     5
 Stab: Sleeping          |    13 |     4 |     3 ||    20
       Distracted        |       |     1 |       ||     1
Armor: Robe              |     8 |    16 |    17 ||    41
Dodge: Dodged            |    58 |   125 |    75 ||   258

Table legend:
 A = Non-vault XP
 B = Vault XP
 C = Vault XP percentage of total XP
 D = Non-vault monster count
 E = Vault monster count
 F = Vault count percentage of total count
                 A         B        C        D         E       F
            +---------+---------+-------+---------+---------+-------
      Total |    1300 |      98 |   7.0 |      75 |       7 |   8.5
            +---------+---------+-------+---------+---------+-------
        D:1 |      21 |       0 |   0.0 |      11 |       0 |   0.0
        D:2 |      51 |       0 |   0.0 |      15 |       0 |   0.0
        D:3 |     180 |      35 |  16.3 |      18 |       6 |  25.0
        D:4 |     380 |      63 |  14.2 |      12 |       1 |   7.7
        D:5 |     668 |       0 |   0.0 |      19 |       0 |   0.0
            +---------+---------+-------+---------+---------+-------
